 Dungeon Crawl Stone Soup version 0.31-a0-705-ga145531891 (webtiles) character file.

Game seed: 11208453499739370979

1211 zazu2006 the Basher (level 8, 0/56 (60) HPs)
             Began as a Gnoll Wanderer on Sept 9, 2023.
             Was a Follower of Vehumet.
             Slain by a wight
             ... wielding a +3 spear
              (7 damage)
             ... on level 6 of the Dungeon.
             The game lasted 00:11:04 (5318 turns).

zazu2006 the Basher (Gnoll Wanderer)                Turns: 5318, Time: 00:11:04

HP:   0/56 (60)     AC:  4    Str: 13    XL:     8   Next: 46%
MP:   12/13         EV: 15    Int: 14    God:    Vehumet [*.....]
Gold: 282           SH:  0    Dex: 15    Spells: 12/13 levels left

rFire   + . .        r - +5 woodcutter's axe
rCold   x . .        (shield currently unavailable)
rNeg    + . .        e - +0 leather armour
rPois   .            (no helmet)
rElec   .            (no cloak)
rCorr   .            (no gloves)
SInv    .            c - +0 pair of boots
Will    .....        (no amulet)
Stlth   +++          n - ring of positive energy
HPRegen 0.29/turn    y - ring of the Establishment {Fire Drain Int+2 Dex+3 Stlth+}
MPRegen 0.13/turn

%: no passive effects
@: drained
A: fangs 1, strong nose, distributed training
a: Renounce Religion


You were on level 6 of the Dungeon.
You worshipped Vehumet.
Vehumet was aware of your devotion.
You visited 2 branches of the dungeon, and saw 8 of its levels.
You also visited: Ossuary.

You collected 282 gold pieces.

Inventory:

Hand Weapons
 a - a +2 mace
 b - a +0 falchion
 r - the +5 woodcutter's axe (weapon)
   (You found it on level 3 of the Dungeon)
 D - a +2 flail of holy wrath
Armour
 c - a +0 pair of boots (worn)
 e - a +0 leather armour (worn)
Jewellery
 n - a ring of positive energy (left hand)
 y - the ring of the Establishment (right hand) {Fire Drain Int+2 Dex+3 Stlth+}
   (You found it on level 4 of the Dungeon)

   [ring of fire]

   Fire:      It enhances your fire magic.
   Int+2:     It affects your intelligence (+2).
   Dex+3:     It affects your dexterity (+3).
   rF+:       It protects you from fire.
   rC-:       It makes you vulnerable to cold.
   Drain:     It drains your maximum health when unequipped.
   Stlth+:    It makes you more stealthy.
 A - an amulet of faith
Scrolls
 d - 2 scrolls of blinking
 f - 4 scrolls of teleportation
 j - a scroll of enchant armour {unknown}
 k - 4 scrolls of silence {unknown}
 l - 3 scrolls of revelation {unknown}
 m - 9 scrolls of noise
 o - a scroll of torment {unknown}
 p - a scroll of enchant weapon {unknown}
 q - 6 scrolls of immolation
 s - a scroll of fog {unknown}
 t - a scroll of fear {unknown}
 z - 3 scrolls of acquirement {unknown}
Potions
 g - 2 potions of invisibility {unknown}
 h - 4 potions of curing
 i - a potion of might {unknown}
 u - 4 potions of mutation
 v - a potion of resistance {unknown}
 w - 2 potions of heal wounds {unknown}
 x - a potion of berserk rage {unknown}
 B - a potion of ambrosia {unknown}
 C - a potion of haste {unknown}


   Skills:
 + Level 4.3 Fighting
 + Level 3.3 Short Blades
 + Level 5.7 Long Blades
 + Level 3.3 Axes
 + Level 9.2 Maces & Flails
 + Level 3.3 Polearms
 + Level 3.3 Staves
 + Level 3.3 Ranged Weapons
 + Level 3.3 Throwing
 + Level 3.3 Armour
 + Level 7.4 Dodging
 + Level 3.3 Stealth
 + Level 3.3 Shields
 + Level 3.3 Unarmed Combat
 + Level 3.3 Spellcasting
 + Level 2.7 Conjurations
 + Level 2.7 Hexes
 + Level 2.7 Summonings
 + Level 2.7 Necromancy
 + Level 2.7 Translocations
 + Level 2.7 Transmutations
 + Level 2.7 Fire Magic
 + Level 2.7 Ice Magic
 + Level 2.7 Air Magic
 + Level 2.7 Earth Magic
 + Level 2.7 Poison Magic
 + Level 3.7 Invocations
 + Level 3.3 Evocations
 + Level 3.0 Shapeshifting


You had 12 spell levels left.
You knew the following spells:

 Your Spells              Type           Power      Damage    Failure   Level
a - Foxfire               Conj/Fire      60%        2x1d7     9%          1

Your spell library contained the following spells:

 Spells                   Type           Power      Damage    Failure   Level
 Freeze                   Ice            40%        1d6       9%          1
 Slow                     Hex            40%        N/A       9%          1
 Ensorcelled Hibernation  Hex/Ice        20%        N/A       13%         2
 Jinxbite                 Hex            20%        N/A       13%         2
 Confusing Touch          Hex            10%        N/A       26%         3
 Frozen Ramparts          Ice            20%        1d4       26%         3
 Hailstorm                Conj/Ice       10%        3d5       26%         3
 Sigil of Binding         Hex            10%        N/A       26%         3
 Vampiric Draining        Necr           10%        2d6       26%         3
 Anguish                  Hex/Necr       5%         N/A       63%         4


Dungeon Overview and Level Annotations

Branches:
Dungeon (7/15)             Temple (1/1) D:4         Ossuary (visited)

Altars:
Ashenzari
Cheibriados
Dithmenos
Elyvilon
Fedhas
Hepliaklqana
Makhleb
Nemelex Xobeh
Qazlal
Ru
Sif Muna
Vehumet
Xom
Zin
The Shining One

Shops:
D:1 :   D:4 *

Annotations:
D:5 3 runed translucent doors, Jackthecabe's ghost, novice FoRe; cforsyth's ghost, novice DjCK; soul19's ghost, amateur DsFi


Innate Abilities, Weirdness & Mutations

You have very sharp teeth.
Your uncanny sense of smell can sniff out nearby items.
Your experience applies equally to all skills.


Message History

You barely miss the wight.
The wight is heavily damaged.
You hit the wight. The wight barely misses you. The wight closely misses you.
The wight hits you with a +0 flail!
You barely miss the wight.
The wight is heavily damaged.
You hit the wight but do no damage. The wight misses you.
The wight barely misses you. The wight misses you.
Unknown command.
Unknown command.
You hit the wight.
The wight is almost destroyed.
You completely miss the wight. The wight barely misses you. x2
The wight hits you with a +0 flail. You partially resist.
You feel drained.
Unknown command.
You barely miss the wight.
The wight is almost destroyed.
You hit the wight. The wight completely misses you.
The wight hits you from afar with a +3 spear!
You partially resist.
You feel drained. The wight hits you with a +0 flail! You partially resist.
You feel drained.
You slash the wight!
You destroy the wight!
Vehumet accepts your kill.
You hit the wight.
You destroy the wight!
Vehumet accepts your kill.
The wight hits you from afar with a +3 spear!
You partially resist.
You feel drained.
Your Shapeshifting skill increases to level 3!
The wight hits you with a +3 spear.
* * * LOW HITPOINT WARNING * * *
You partially resist.
You feel drained.
You barely miss the wight. You bite the wight, but do no damage.
The wight hits you with a +3 spear.
* * * LOW HITPOINT WARNING * * *
You slash the wight!
The wight is severely damaged.
The wight hits you with a +3 spear!
You die...

##...⌠.....⌠...## ##...#
#.............# ##...##
#.#.#.#.#.#.#.# ##...##
#.............# ##..###
############### #....###
##..## ##.....# ##....##
#### #.....#
##...z..###..###.....##
#.....@).#)[#....†.....
#......).....#..........
#..........#......._....
##.........###..........
#......................
..[.......###.###.....##
#.........# #.# #.....#
##........# #. #.....#
##..###.##


You could see a wight.

Vanquished Creatures
  A water moccasin (D:6)
  A black bear (D:5)
  2 ogres (D:6)
  A phantom (D:6)
  A scorpion (D:5)
  3 wights (D:6)
  A centaur zombie (Ossuary)
  2 hounds (D:4)
  2 human zombies (Ossuary)
  A jelly (D:6)
  2 sleepcaps
  2 iguanas (D:6)
  5 mummies (Ossuary)
  3 adders
  8 gnolls
  2 worms
  2 dart slugs
  8 orcs
  5 endoplasms
  6 giant cockroaches
  9 hobgoblins
  10 jackals
  6 kobolds
  2 quokkas
  7 ball pythons
  7 bats
  2 frilled lizards (D:2)
  4 goblins
  2 goblin zombies (Ossuary)
  2 hobgoblin zombies (Ossuary)
  A kobold zombie (Ossuary)
  10 rats
120 creatures vanquished.

Notes
Turn   | Place    | Note
-------+----------+-------------------------------------------
     0 | D:1      | zazu2006 the Gnoll Wanderer began the quest for the Orb.
     0 | D:1      | zazu2006 set off with the following items: a +2 mace, a +0
                  | falchion, a +0 pair of boots, a scroll of blinking, a +0
                  | leather armour.
     0 | D:1      | Reached XP level 1. HP: 17/17 MP: 1/1
   156 | D:1      | Reached XP level 2. HP: 23/23 MP: 2/2
   225 | D:1      | Found Upanon's Book Shop.
   435 | D:1      | Reached XP level 3. HP: 23/28 MP: 3/3
   620 | D:2      | Found a sacrificial altar of Ru.
   921 | D:2      | Reached skill level 1 in Invocations
  1268 | D:2      | Reached skill level 1 in Short Blades
  1268 | D:2      | Reached skill level 1 in Axes
  1268 | D:2      | Reached skill level 1 in Polearms
  1268 | D:2      | Reached skill level 1 in Staves
  1268 | D:2      | Reached skill level 1 in Ranged Weapons
  1268 | D:2      | Reached skill level 1 in Throwing
  1268 | D:2      | Reached skill level 1 in Armour
  1268 | D:2      | Reached skill level 1 in Stealth
  1268 | D:2      | Reached skill level 1 in Shields
  1268 | D:2      | Reached skill level 1 in Unarmed Combat
  1268 | D:2      | Reached skill level 1 in Spellcasting
  1268 | D:2      | Reached skill level 1 in Evocations
  1300 | D:2      | Reached XP level 4. HP: 30/34 MP: 5/5
  1386 | D:2      | Found a faded altar of an unknown god.
  1790 | D:3      | Reached skill level 1 in Shapeshifting
  1928 | D:3      | Found the +5 woodcutter's axe
  2407 | D:3      | Found a shimmering altar of Xom.
  2436 | D:3      | Found a blossoming altar of Fedhas.
  2582 | D:4      | Found a sand-covered staircase.
  2590 | Ossuary  | Entered an ossuary
  2611 | Ossuary  | Reached skill level 1 in Conjurations
  2611 | Ossuary  | Reached skill level 1 in Hexes
  2611 | Ossuary  | Reached skill level 1 in Summonings
  2611 | Ossuary  | Reached skill level 1 in Necromancy
  2611 | Ossuary  | Reached skill level 1 in Translocations
  2611 | Ossuary  | Reached skill level 1 in Transmutations
  2611 | Ossuary  | Reached skill level 1 in Fire Magic
  2611 | Ossuary  | Reached skill level 1 in Ice Magic
  2611 | Ossuary  | Reached skill level 1 in Air Magic
  2611 | Ossuary  | Reached skill level 1 in Earth Magic
  2611 | Ossuary  | Reached skill level 1 in Poison Magic
  2619 | Ossuary  | Reached XP level 5. HP: 8/40 MP: 5/7
  2804 | Ossuary  | Reached XP level 6. HP: 38/47 MP: 8/8
  3044 | D:4      | Identified the ring of the Establishment {Fire Drain Int+2
                  | Dex+3 Stlth+}
  3112 | D:4      | Found a staircase to the Ecumenical Temple.
  3117 | Temple   | Entered the Ecumenical Temple
  3133 | Temple   | Became a worshipper of Vehumet
  3152 | D:4      | Reached skill level 5 in Long Blades
  3216 | D:4      | Found Sinleiv's General Store.
  3306 | D:4      | Found a sparkling altar of Nemelex Xobeh.
  3531 | D:5      | Entered Level 5 of the Dungeon
  3622 | D:5      | Found a runed translucent gate.
  3622 | D:5      | Found a runed translucent gate.
  3623 | D:5      | Found a runed translucent gate.
  3624 | D:5      | Noticed soul19's ghost (amateur DsFi)
  3624 | D:5      | Noticed Jackthecabe's ghost (novice FoRe)
  3624 | D:5      | Noticed cforsyth's ghost (novice DjCK)
  3632 | D:5      | Noticed a black bear
  3636 | D:5      | Killed a black bear
  3637 | D:5      | Reached XP level 7. HP: 48/52 MP: 10/10
  3685 | D:5      | Found a glowing silver altar of Zin.
  3686 | D:5      | Noticed an angel
  4060 | D:5      | Found a burning altar of Makhleb.
  4343 | D:6      | Noticed a hornet
  4399 | D:6      | Reached skill level 9 in Maces & Flails
  4609 | D:6      | Paralysed by a hornet for 3 turns
  5032 | D:6      | Reached XP level 8. HP: 24/60 MP: 12/12
  5177 | D:6      | Found a white marble altar of Elyvilon.
  5219 | D:7      | Noticed a wyvern
  5272 | D:6      | Found a snail-covered altar of Cheibriados.
  5282 | D:6      | Reached * piety under Vehumet
  5282 | D:6      | Offered knowledge of Foxfire by Vehumet.
  5285 | D:6      | Learned a level 1 spell: Foxfire
  5318 | D:6      | Slain by a wight

Illustrated notes

Levels and vault maps discovered:
D:1:      scummos_arrival_gate, layout_rooms, serial_shops,
          nicolae_shop_tiny_real_fake_doors
D:2:      layout_basic, basic_ecumenical_altar, basic_altar,
          minmay_misc_feat_tiny
D:3:      layout_loops_corners, xom_butterflies, mainiacjoe_overflow_alcove_2
D:4:      layout_rooms, mainiacjoe_overflow_brackets, minmay_temple_entry_grid,
          chequers_ossuary_entry_cave, serial_shops, shop,
          nicolae_houndstooth_variations
D:5:      layout_loops_ring, zin_angel, overflow_temple_1_default,
          gammafunk_ghost_cemetery, kennysheep_decorative_pillar
D:6:      cheibrodos_iron_armory, layout_cave_pods, slow_altar_1,
          elyvilon_altar_5, mainiacjoe_overflow_small_starburst
D:7:      layout_cave_pods, eat_drink_and_be_merry_uskayaw,
          minmay_misc_feat_nine_boxes, chequers_serial_rivers_micro_b
Temple:   nicolae_temple_godpark

Skill      XL: |  1  2  3  4  5  6  7  8 |
---------------+-------------------------+-----
Invocations    | 1 2 3 |  3.7
Short Blades   | 1 2 3 |  3.3
Axes           | 1 2 3 |  3.3
Polearms       | 1 2 3 |  3.3
Staves         | 1 2 3 |  3.3
Ranged Weapons | 1 2 3 |  3.3
Throwing       | 1 2 3 |  3.3
Armour         | 1 2 3 |  3.3
Stealth        | 1 2 3 |  3.3
Shields        | 1 2 3 |  3.3
Unarmed Combat | 1 2 3 |  3.3
Spellcasting   | 1 2 3 |  3.3
Evocations     | 1 2 3 |  3.3
Shapeshifting  | 1 2 3 |  3.0
Conjurations   | 1 2 |  2.7
Hexes          | 1 2 |  2.7
Summonings     | 1 2 |  2.7
Necromancy     | 1 2 |  2.7
Translocations | 1 2 |  2.7
Transmutations | 1 2 |  2.7
Fire Magic     | 1 2 |  2.7
Ice Magic      | 1 2 |  2.7
Air Magic      | 1 2 |  2.7
Earth Magic    | 1 2 |  2.7
Poison Magic   | 1 2 |  2.7
Fighting       | 3 4 |  4.3
Long Blades    | 5 |  5.7
Dodging        | 7 |  7.4
Maces & Flails | 9 |  9.2

Action                     |  1- 3 |  4- 6 |  7- 9 || total
---------------------------+-------+-------+-------++-------
  Melee: Mace              |   118 |    12 |       ||   130
         Bite              |     4 |    12 |    10 ||    26
         Battleaxe         |       |    95 |    92 ||   187
    Use: Potion            |       |     2 |       ||     2
         Scroll            |       |       |     2 ||     2
   Stab: Sleeping          |       |     1 |     6 ||     7
 Armour: Leather armour    |    45 |    50 |    52 ||   147
  Dodge: Dodged            |    66 |    54 |    58 ||   178

Table legend: (Time is in decaauts)
 A = Elapsed time spent in this place.
 B = Non-inter-level travel time spent in this place.
 C = Inter-level travel time spent in this place.
 D = Time resting spent in this place.
 E = Time spent auto-exploring this place.
 F = Levels seen in this place.
 G = Mean time per level.
                   A        B        C        D        E       F      G
               +--------+--------+--------+--------+--------+-----+--------+
         Total |   5313 |   5174 |    139 |    227 |   3909 |   9 |  590.3 |
       Dungeon |   4959 |   4835 |    124 |    156 |   3794 |   7 |  708.4 |
        Temple |     31 |     16 |     15 |      0 |      0 |   1 |   31.0 |
       Ossuary |    322 |    322 |      0 |     71 |    115 |   1 |  322.0 |
               +--------+--------+--------+--------+--------+-----+--------+

Top non-repeatable levels by time:
     D:2: 1162 daAuts
     D:6: 958 daAuts
     D:3: 848 daAuts
     D:5: 829 daAuts
     D:4: 627 daAuts
     D:1: 531 daAuts
 Ossuary: 322 daAuts
  Temple: 31 daAuts
     D:7: 1 daAuts
